[Event "Titled Tuesday Blitz June 6 Early 2023"]
[White "Gabdushev, Ruslan"]
[Black "Tanmay Jain"]
[WhiteFideId "4137833"]
[BlackFideId "45015481"]
[WhiteElo "2233"]
[BlackElo "2032"]
[Result "1-0"]
[Round "4"]
[TimeControl "180+2"]
[Date "2023.06.06"]
[WhiteClock "0:01:42"]
[BlackClock "0:01:04"]
[Board "145"]

1. b3 c6 2. Bb2 d5 3. e3 Nf6 4. f4 e6 5. Nf3 Be7 6. Be2 b6 7. O-O Bb7 8. Qe1 Nbd7 9. Qg3 Qc7 10. d3 Rg8 11. Ne5 Nf8 12. Nd2 Ng6 13. Nxg6 hxg6 14. Nf3 O-O-O 15. Ne5 Bd6 16. c4 Rgf8 17. Rac1 Nd7 18. cxd5 exd5 19. Bg4 f5 20. Bf3 Bxe5 21. fxe5 Rde8 22. d4 Re6 23. Bxd5 cxd5 24. Rxc7+ Kxc7 25. Ba3 Rc8 26. Bd6+ Kd8 27. Qh4+ Ke8 28. g4 1-0


[Site "https://www.chess.com"]

[Event "Titled Tuesday Blitz June 6 Early 2023"]
[White "Ai, Evan"]
[Black "Tokman, Ariel"]
[WhiteFideId "2094770"]
[BlackFideId "117420"]
[WhiteElo "1963"]
[BlackElo "2263"]
[Result "0-1"]
[Round "4"]
[TimeControl "180+2"]
[Date "2023.06.06"]
[WhiteClock "0:00:01"]
[BlackClock "0:00:07"]
[Board "146"]

1. e4 d5 2. exd5 Qxd5 3. Nc3 Qd6 4. d4 c6 5. Nf3 Bg4 6. Bc4 e6 7. Be3 Nf6 8. h3 Bh5 9. g4 Bg6 10. Ne5 Nfd7 11. Bf4 Nxe5 12. Bxe5 Qb4 13. Bb3 Nd7 14. a3 Qa5 15. Bg3 h5 16. Qe2 O-O-O 17. O-O-O Bxa3 18. Na4 Be7 19. Kb1 Qb4 20. Qe3 Nb6 21. Nxb6+ Qxb6 22. Bxe6+ fxe6 23. Qxe6+ Rd7 24. Qxg6 Bf6 25. c3 Qb5 26. Rhe1 a5 27. Re8+ Rxe8 28. Qxe8+ Rd8 29. Qe6+ Rd7 30. Qe8+ Rd8 31. Qf7 Rd7 32. Qxh5 Qxh5 33. gxh5 Rd5 34. Re1 Rxh5 35. Be5 Rxh3 36. f4 Rf3 37. Rg1 Kd7 38. Kc2 b5 39. Rg2 Ke6 40. Kd2 a4 41. Ke2 Rh3 42. Rf2 Rh1 43. f5+ Kd5 44. Bxf6 gxf6 45. Kd2 Rb1 46. Kc2 Rg1 47. Kd3 Rg3+ 48. Ke2 Kc4 49. Kd2 Kb3 50. Re2 Kxb2 51. Re6 Rxc3 52. Rxf6 a3 53. Rf8 b4 54. Ra8 a2 55. f6 a1=Q 56. Rxa1 Kxa1 57. Ke2 Rc2+ 58. Ke3 Rc1 59. Ke2 b3 60. f7 b2 61. f8=Q Rc2+ 62. Kd3 b1=Q 63. Qa3+ Ra2+ 64. Kc4 Rxa3 0-1


[Site "https://www.chess.com"]

[Event "Titled Tuesday Blitz June 6 Early 2023"]
[White "Aggelis, Nikolaos"]
[Black "Ziatdinov, Raset"]
[WhiteFideId "4213220"]
[BlackFideId "2015323"]
[WhiteElo "2189"]
[BlackElo "2220"]
[Result "1-0"]
[Round "4"]
[TimeControl "180+2"]
[Date "2023.06.06"]
[WhiteClock "0:00:41"]
[BlackClock "0:00:15"]
[Board "147"]

1. c4 Nf6 2. g3 g6 3. Bg2 Bg7 4. Nf3 O-O 5. b3 d6 6. Bb2 Nc6 7. d4 e5 8. dxe5 Ng4 9. O-O dxe5 10. h3 Nh6 11. Qxd8 Rxd8 12. Nc3 e4 13. Ng5 f5 14. Rfd1 Nf7 15. Rxd8+ Ncxd8 16. Nxf7 Nxf7 17. Rb1 c6 18. Na4 b6 19. Bxg7 Kxg7 20. Rd1 Be6 21. f3 exf3 22. exf3 Rd8 23. Rxd8 Nxd8 24. f4 Bd7 25. Kf2 Ne6 26. Ke3 c5 27. Nc3 Nd4 28. Kd3 h6 29. h4 g5 30. fxg5 hxg5 31. Ne2 Nxe2 32. Kxe2 gxh4 33. gxh4 Kh6 34. Bf3 Be8 35. Ke3 Kg6 36. Kf4 Kf6 37. a3 Bf7 38. Bd5 Bh5 39. Bf3 Bf7 40. Be2 a6 41. Bd3 Bg6 42. Be2 Bf7 43. h5 Be6 44. Bd3 Bf7 45. h6 Bg6 46. b4 a5 47. bxa5 bxa5 48. Bc2 Bh7 49. Bb1 Bg6 50. Bd3 Bh7 51. Bc2 Bg6 52. Ba4 Bh7 53. Bd7 Bg6 54. Bc6 Bh7 55. Be8 Ke7 56. Bc6 Kf6 57. Bd7 Bg6 58. Bc8 Bh7 59. Bb7 Bg6 60. Bf3 Bh7 61. Bh5 Ke6 62. Kg5 Ke5 63. Bg6 Bg8 64. Bxf5 Kd4 65. Kf6 Kxc4 66. Kg7 1-0


[Site "https://www.chess.com"]

[Event "Titled Tuesday Blitz June 6 Early 2023"]
[White "Rian, Kapriaga"]
[Black "Orujov2008"]
[WhiteFideId "7103263"]
[WhiteElo "2320"]
[BlackElo "2489"]
[Result "1-0"]
[Round "4"]
[TimeControl "180+2"]
[Date "2023.06.06"]
[WhiteClock "0:01:03"]
[BlackClock "0:00:06"]
[Board "148"]

1. d4 Nf6 2. c4 e6 3. g3 d5 4. Nf3 Be7 5. Bg2 O-O 6. O-O dxc4 7. Ne5 Nd5 8. Nxc4 b5 9. Ne5 Bb7 10. a4 b4 11. Nd2 c5 12. e3 cxd4 13. exd4 Nd7 14. Ndc4 Nxe5 15. Nxe5 a5 16. Bd2 Qd6 17. Rc1 Rfd8 18. Qh5 g6 19. Qf3 Bf6 20. Rfe1 Rf8 21. h4 h5 22. Bh6 Bg7 23. Bxg7 Kxg7 24. Rc5 Qe7 25. Rec1 Rac8 26. Qd3 Rfd8 27. Qb5 Qe8 28. Qxb7 Rb8 29. Qa7 Ra8 30. Qb7 Rab8 31. Qa6 Ra8 32. Qb5 Qf8 33. Bxd5 exd5 34. Rc7 1-0


[Site "https://www.chess.com"]

[Event "Titled Tuesday Blitz June 6 Early 2023"]
[White "Xu, Daniel"]
[Black "Pavlidou, Ekaterini"]
[WhiteFideId "2627345"]
[BlackFideId "4213262"]
[WhiteElo "1980"]
[BlackElo "2126"]
[Result "1-0"]
[Round "4"]
[TimeControl "180+2"]
[Date "2023.06.06"]
[WhiteClock "0:00:41"]
[BlackClock "0:00:30"]
[Board "149"]

1. e4 c5 2. Nf3 Nc6 3. d4 cxd4 4. Nxd4 e5 5. Nb5 d6 6. N1c3 a6 7. Na3 Be6 8. Nc4 b5 9. Ne3 g6 10. g3 Bg7 11. Bg2 h5 12. Ncd5 h4 13. c3 Rb8 14. Qd3 Qd7 15. a4 b4 16. Qxa6 Nge7 17. Qd3 bxc3 18. bxc3 Na5 19. Nxe7 Qxe7 20. Ba3 Nb3 21. Rb1 Rd8 22. Nd5 Bxd5 23. Qxd5 Nc5 24. Qc6+ Kf8 25. O-O hxg3 26. fxg3 Bh6 27. Bxc5 dxc5 28. Rb7 Be3+ 29. Kh1 Qe8 30. Qf6 Rh7 31. Qxg6 Rg7 32. Qf6 Kg8 33. a5 Bg5 34. Qf5 Rb8 35. Rfb1 Ra8 36. a6 Rxa6 37. Rb8 Bd8 38. Rd1 1-0


[Site "https://www.chess.com"]

[Event "Titled Tuesday Blitz June 6 Early 2023"]
[White "Turzo, Attila"]
[Black "Buscar, Michael"]
[WhiteFideId "704954"]
[BlackFideId "2603616"]
[WhiteElo "2481"]
[BlackElo "2010"]
[Result "1-0"]
[Round "4"]
[TimeControl "180+2"]
[Date "2023.06.06"]
[WhiteClock "0:01:26"]
[BlackClock "0:01:30"]
[Board "150"]

1. d4 d5 2. c4 e6 3. Nf3 c5 4. cxd5 exd5 5. Nc3 Nc6 6. Bg5 Nf6 7. e3 Bg4 8. Be2 c4 9. O-O Be7 10. Ne5 Nxe5 11. dxe5 Bxe2 12. Qxe2 Ne4 13. Nxe4 Bxg5 14. Nd6+ Kf8 15. Qf3 Qe7 16. Qxd5 f6 17. f4 Bh6 18. exf6 gxf6 19. Nf5 1-0


[Site "https://www.chess.com"]

[Event "Titled Tuesday Blitz June 6 Early 2023"]
[White "cristianserban1"]
[Black "Vifleemskaia, Svetlana"]
[BlackFideId "4129490"]
[WhiteElo "2477"]
[BlackElo "1930"]
[Result "1-0"]
[Round "4"]
[TimeControl "180+2"]
[Date "2023.06.06"]
[WhiteClock "0:00:04"]
[BlackClock "0:00:24"]
[Board "151"]

1. d4 Nf6 2. Bf4 d5 3. Nf3 c5 4. e3 Nc6 5. Nbd2 Bg4 6. c3 e6 7. Qa4 a6 8. Ne5 Rc8 9. Bxa6 Qb6 10. Bb5 Be7 11. dxc5 Bxc5 12. Bg5 Bf5 13. Ndf3 O-O 14. Bxf6 gxf6 15. Nd7 Qc7 16. Nxc5 Ra8 17. Qd1 Na7 18. Bd3 Qxc5 19. Bxf5 exf5 20. Nd4 Nc6 21. Nxf5 Ne5 22. O-O Kh8 23. Qh5 Ng6 24. Rfd1 Ra4 25. Rd4 Rfa8 26. Qh6 Qf8 27. Qxf8+ Nxf8 28. a3 Rxd4 29. exd4 Ra6 30. Ne3 Rd6 31. Kf1 Ne6 32. g3 Kg8 33. h4 h5 34. Ke2 Kf8 35. Kd3 Ke8 36. a4 Kd7 37. a5 Nc7 38. Ra4 Kc6 39. Nc2 Re6 40. Ra1 Kb5 41. b4 f5 42. Re1 Ka4 43. Rxe6 fxe6 44. Ne3 Kb3 45. Ng2 Nb5 46. Nf4 Nxc3 47. Nxh5 Kxb4 48. Nf4 Ne4 49. Ke3 Kxa5 50. h5 Ng5 51. h6 b5 52. Nxe6 Nh7 53. Nf4 b4 54. Nxd5 b3 55. Kd2 Kb5 56. Kc3 b2 57. Kxb2 Kc4 58. Ne3+ Kxd4 59. Nxf5+ Ke4 60. Nh4 Kd3 61. f4 Ke4 62. Kc3 Ke3 63. f5 Kf2 64. g4 Kg3 65. g5 Kxh4 66. g6 Nf6 67. h7 1-0


[Site "https://www.chess.com"]

[Event "Titled Tuesday Blitz June 6 Early 2023"]
[White "Ljukin, Sergei"]
[Black "Vaglio Munoz, Jaime"]
[WhiteFideId "14102200"]
[BlackFideId "6500145"]
[WhiteElo "2312"]
[BlackElo "2199"]
[Result "1-0"]
[Round "4"]
[TimeControl "180+2"]
[Date "2023.06.06"]
[WhiteClock "0:00:10"]
[BlackClock "0:00:01"]
[Board "152"]

1. e4 c5 2. Nf3 Qa5 3. Nc3 a6 4. d4 b5 5. Bd2 b4 6. Nd5 e6 7. Ne3 cxd4 8. Nxd4 Bb7 9. Bd3 Nf6 10. f3 Qb6 11. c3 Bc5 12. Nec2 a5 13. Qe2 Nc6 14. Nb3 Be7 15. Be3 Qc7 16. Nc5 Ne5 17. Nxb7 Qxb7 18. O-O bxc3 19. bxc3 Nxd3 20. Qxd3 Qc7 21. Nd4 O-O 22. Nb5 Qc6 23. c4 d5 24. cxd5 exd5 25. e5 Nd7 26. Nd4 Qa4 27. f4 Nc5 28. Qe2 Ne4 29. Nf5 Qd7 30. Qg4 Qxf5 31. Qxf5 g6 32. Qd7 Rfe8 33. Qxd5 Nc3 34. Qd3 Rac8 35. Rfc1 Red8 36. Qa6 Ra8 37. Qf1 Nd5 38. Bc5 Bxc5+ 39. Rxc5 Ne3 40. Qf3 Nf5 41. Rac1 h5 42. Rc6 Kg7 43. Qe4 Rd4 44. Qe2 Rad8 45. e6 Rd2 46. Qf3 f6 47. Rc7+ Kh6 48. e7 Re8 49. Qc3 Re2 50. Qxf6 h4 51. Qg5+ Kg7 52. Rd1 Re6 53. Rd8 Kf7 54. Rxe8 Kxe8 55. Qxg6+ Rxg6 56. Ra7 Nxe7 57. Rxa5 Rf6 58. Ra4 Kf7 59. Kf2 Ng6 60. Kf3 Ne5+ 61. Ke3 1-0


[Site "https://www.chess.com"]

[Event "Titled Tuesday Blitz June 6 Early 2023"]
[White "Ismayil, Malak"]
[Black "Sarkar, Justin"]
[WhiteFideId "13412604"]
[BlackFideId "2010011"]
[WhiteElo "1868"]
[BlackElo "2151"]
[Result "1-0"]
[Round "4"]
[TimeControl "180+2"]
[Date "2023.06.06"]
[WhiteClock "0:01:26"]
[BlackClock "0:00:01"]
[Board "153"]

1. e4 e5 2. Nf3 Nc6 3. Bc4 Nf6 4. d3 Be7 5. Nc3 O-O 6. O-O d6 7. h3 Na5 8. Bb3 Nxb3 9. axb3 c6 10. Bg5 h6 11. Be3 d5 12. exd5 cxd5 13. d4 e4 14. Ne5 Be6 15. f3 exf3 16. Qxf3 a6 17. Qg3 Kh7 18. Rae1 Rc8 19. Nd3 Bd6 20. Qf3 Re8 21. Bf4 Bf8 22. Be5 Nd7 23. Nf4 Nxe5 24. Rxe5 Qb6 25. Qd3+ Kg8 26. Nfxd5 Qd8 27. Nf4 Bd6 28. Nxe6 fxe6 29. Re4 e5 30. d5 Bc5+ 31. Kh1 Bd4 32. Rfe1 Qd6 33. Rd1 Red8 34. Rxd4 exd4 35. Qxd4 Qc5 36. Qg4 1-0


[Site "https://www.chess.com"]

[Event "Titled Tuesday Blitz June 6 Early 2023"]
[White "Tomaszewski, Kacper"]
[Black "Putri, Regita Desyari"]
[WhiteFideId "1127373"]
[BlackFideId "7109083"]
[WhiteElo "2211"]
[BlackElo "1930"]
[Result "1-0"]
[Round "4"]
[TimeControl "180+2"]
[Date "2023.06.06"]
[WhiteClock "0:00:06"]
[BlackClock "0:00:06"]
[Board "154"]

1. c4 Nf6 2. Nc3 e6 3. d4 Bb4 4. Bf4 c5 5. e3 Ne4 6. Ne2 O-O 7. Qc2 d5 8. cxd5 exd5 9. dxc5 Be6 10. a3 Bxc3+ 11. Nxc3 Nxc5 12. b4 Ncd7 13. Bd3 h6 14. O-O Nc6 15. b5 Na5 16. Ne2 Rc8 17. Qb2 Nc5 18. Bc2 Nc4 19. Qb4 Re8 20. Nd4 b6 21. Rad1 Qe7 22. Bb1 Ne4 23. Qxe7 Rxe7 24. Nc6 Ree8 25. Nxa7 Ra8 26. Nc6 Nc3 27. Rd3 Ne2+ 28. Kh1 Nxa3 29. Rb3 d4 30. Rb2 Nxf4 31. exf4 Bc4 32. Rd1 Nxb5 33. Ne5 f6 34. Nxc4 Nc3 35. Rf1 Re2 36. Rxe2 Nxe2 37. Nxb6 Nxf4 38. Nxa8 d3 39. Bxd3 Ne2 40. Bxe2 Kf7 41. Bf3 1-0


[Site "https://www.chess.com"]

[Event "Titled Tuesday Blitz June 6 Early 2023"]
[White "Mrithyunjay Mahadevan"]
[Black "Rodriguez Santiago, Jaime"]
[WhiteFideId "45003521"]
[BlackFideId "3100898"]
[WhiteElo "1626"]
[BlackElo "2025"]
[Result "1-0"]
[Round "4"]
[TimeControl "180+2"]
[Date "2023.06.06"]
[WhiteClock "0:02:03"]
[BlackClock "0:00:30"]
[Board "155"]

1. e4 c6 2. d4 d5 3. e5 Bf5 4. Nd2 e6 5. Nb3 c5 6. dxc5 Bxc5 7. Nxc5 Qa5+ 8. c3 Qxc5 9. h4 h5 10. Be3 Qc7 11. Nf3 Nc6 12. Bb5 Ne7 13. O-O a6 14. Ba4 b5 15. Bc2 O-O 16. Bf4 Rac8 17. Bxf5 Nxf5 18. Rc1 Rfd8 19. Nd4 Ncxd4 20. cxd4 Qb6 21. Be3 g6 22. g4 hxg4 23. Qxg4 Kg7 24. Bg5 Rxc1 25. Rxc1 Qxd4 26. Qxd4 Nxd4 27. Bf6+ Kh7 28. Rd1 Nf5 29. Bxd8 Kh6 30. Kg2 Kh5 31. Kh3 d4 32. Bg5 1-0


[Site "https://www.chess.com"]

[Event "Titled Tuesday Blitz June 6 Early 2023"]
[White "Jiganchine, Roman"]
[Black "Hirneise, Jens"]
[WhiteFideId "2603667"]
[BlackFideId "24614734"]
[WhiteElo "2296"]
[BlackElo "2345"]
[Result "0-1"]
[Round "4"]
[TimeControl "180+2"]
[Date "2023.06.06"]
[WhiteClock "0:00:02"]
[BlackClock "0:00:16"]
[Board "156"]

1. e4 g6 2. d4 Bg7 3. Be3 c5 4. Nc3 cxd4 5. Bxd4 e5 6. Bc5 Nf6 7. Ba3 Bf8 8. Bxf8 Kxf8 9. Qd6+ Qe7 10. O-O-O Qxd6 11. Rxd6 Ke7 12. Rd2 d6 13. f3 Be6 14. h4 Nc6 15. Nh3 h6 16. Nf2 Rhd8 17. g4 g5 18. Be2 d5 19. hxg5 hxg5 20. exd5 Nxd5 21. Nfe4 Nxc3 22. bxc3 Rxd2 23. Kxd2 Rd8+ 24. Ke3 Bxa2 25. Bb5 Bd5 26. Nxg5 Na5 27. Bd3 Rc8 28. Ra1 b6 29. c4 Bxc4 30. Bf5 Rc7 31. Ne4 Bd5 32. Kf2 Rxc2+ 33. Kg3 Bxe4 34. Bxe4 Rc7 35. g5 Nb3 36. Rh1 a5 37. Rh7 Kf8 38. Bd5 Kg8 0-1


[Site "https://www.chess.com"]

[Event "Titled Tuesday Blitz June 6 Early 2023"]
[White "Khromkin, Andrey"]
[Black "Zaksaite, Salomeja"]
[WhiteFideId "4154126"]
[BlackFideId "12801496"]
[WhiteElo "2465"]
[BlackElo "2059"]
[Result "0-1"]
[Round "4"]
[TimeControl "180+2"]
[Date "2023.06.06"]
[WhiteClock "0:00:35"]
[BlackClock "0:00:08"]
[Board "157"]

1. d4 Nf6 2. c4 g6 3. Nf3 Bg7 4. Nc3 d6 5. g3 O-O 6. Bg2 Nc6 7. O-O e5 8. h3 exd4 9. Nxd4 Bd7 10. b3 Nxd4 11. Qxd4 Ne4 12. Qxe4 Bxc3 13. Bh6 Bxa1 14. Qxb7 Rb8 15. Qxa7 Bg7 16. Bxg7 Kxg7 17. Rd1 Rb6 18. e3 Bc6 19. c5 Rb7 20. Qa6 Bxg2 21. Kxg2 Qa8 22. Qc6 dxc5 23. Kh2 Ra7 24. Qxc5 Rxa2 25. Qe5+ Kg8 26. Qf4 Qc6 27. Rd4 Ra1 28. e4 Qc1 29. Qxc1 Rxc1 30. Kg2 Rb8 31. b4 Rb1 32. Rd7 R1xb4 33. Rxc7 Rxe4 34. Rc2 Kg7 35. h4 Reb4 36. Re2 Rb2 37. Re4 Rc8 38. g4 Rcc2 39. Rf4 f6 40. Kg3 h6 41. Rf3 Rd2 42. Rf4 Rdc2 43. Rf3 Re2 44. Rf4 g5 45. hxg5 fxg5 46. Rf5 Rb3+ 47. Kg2 Re4 48. Rc5 Rxg4+ 49. Kf1 Rf4 50. Ke2 Rb2+ 51. Ke3 Rbxf2 52. Rc7+ Rf7 53. Rc6 R2f3+ 54. Ke4 R3f4+ 55. Ke5 R4f5+ 56. Ke4 R5f6 57. Rc8 Re7+ 58. Kd5 Kg6 59. Rg8+ Kf5 60. Ra8 Re5+ 61. Kd4 Rd6+ 62. Kc4 Rd1 63. Kc3 Rc5+ 64. Kb2 Rd7 65. Rf8+ Kg4 66. Rb8 h5 67. Rb4+ Kf5 68. Rb8 h4 69. Rf8+ Kg4 70. Rb8 h3 71. Rb4+ Kh5 72. Rb3 g4 73. Rb8 g3 74. Rh8+ Kg4 75. Rg8+ Rg5 76. Rh8 g2 77. Rxh3 Kxh3 0-1


[Site "https://www.chess.com"]

[Event "Titled Tuesday Blitz June 6 Early 2023"]
[White "Bettalli, Francesco"]
[Black "Palacio,Igor Da Paz"]
[WhiteFideId "2816453"]
[BlackFideId "2121140"]
[WhiteElo "2216"]
[BlackElo "2126"]
[Result "1/2-1/2"]
[Round "4"]
[TimeControl "180+2"]
[Date "2023.06.06"]
[WhiteClock "0:01:18"]
[BlackClock "0:00:03"]
[Board "158"]

1. d4 Nf6 2. Nc3 d5 3. Bg5 Nbd7 4. e3 e6 5. Bd3 c5 6. f3 Qb6 7. dxc5 Bxc5 8. Qc1 h6 9. Bxf6 Bxe3 10. Na4 Bxc1 11. Nxb6 axb6 12. Bxg7 Rg8 13. Rxc1 Rxg7 14. g3 Rxa2 15. b4 Ne5 16. Bb5+ Bd7 17. Bxd7+ Kxd7 18. f4 Nc4 19. Nf3 Rb2 20. O-O Rxb4 21. Rb1 Rxb1 22. Rxb1 Rg8 23. Ra1 Kc7 24. Kf2 f6 25. Ke2 e5 26. f5 Kc6 27. Nh4 Rg4 28. Kd3 Rd4+ 29. Kc3 Re4 30. Ra8 Kb5 31. Kb3 Re3+ 32. Ka2 Re2 33. Kb3 Nd2+ 34. Kb2 Nc4+ 35. Kb3 Re3+ 36. Ka2 Rc3 37. Kb1 Re3 38. Rf8 Re1+ 39. Ka2 Re2 40. Kb3 Re3+ 41. Ka2 Kb4 42. Rxf6 Re2 43. Kb1 Re1+ 44. Ka2 Re2 45. Kb1 Re1+ 46. Ka2 Re2 1/2-1/2


[Site "https://www.chess.com"]

[Event "Titled Tuesday Blitz June 6 Early 2023"]
[White "Rodriguez Polo, Mateo"]
[Black "Papayan, Oleg"]
[WhiteFideId "24509396"]
[BlackFideId "4193911"]
[WhiteElo "2117"]
[BlackElo "2167"]
[Result "0-1"]
[Round "4"]
[TimeControl "180+2"]
[Date "2023.06.06"]
[WhiteClock "0:00:03"]
[BlackClock "0:00:07"]
[Board "159"]

1. e4 e5 2. Nf3 Nc6 3. Bb5 Nf6 4. d3 Bc5 5. Bxc6 dxc6 6. Nbd2 Be6 7. Qe2 Nd7 8. Nb3 Bb6 9. Be3 Qe7 10. O-O f6 11. d4 O-O-O 12. a4 a5 13. Nc5 Nxc5 14. dxc5 Bxc5 15. Rfb1 Bxe3 16. Qxe3 Kb8 17. c3 Bb3 18. Nd2 Qe6 19. Ra3 Bc2 20. Rc1 Bd3 21. b4 Qe7 22. Rb3 Rd7 23. Rb2 Rhd8 24. h3 g5 25. Nb3 axb4 26. Nc5 Bc4 27. Rxb4 Rd1+ 28. Rxd1 Rxd1+ 29. Kh2 b5 30. axb5 cxb5 31. Na6+ Kb7 32. Nc5+ Kc6 33. Na6 Ra1 34. Nb8+ Kb7 0-1


[Site "https://www.chess.com"]

[Event "Titled Tuesday Blitz June 6 Early 2023"]
[White "LangesNasenhaar"]
[Black "Balint, Vilmos"]
[BlackFideId "718050"]
[WhiteElo "2460"]
[BlackElo "2034"]
[Result "1-0"]
[Round "4"]
[TimeControl "180+2"]
[Date "2023.06.06"]
[WhiteClock "0:01:26"]
[BlackClock "0:02:07"]
[Board "160"]

1. d4 Nf6 2. Nc3 d5 3. Bf4 c5 4. e4 dxe4 5. dxc5 Nc6 6. Qxd8+ Nxd8 7. Nge2 a6 8. Ng3 e5 9. Bxe5 Bxc5 10. Bxf6 gxf6 11. Ngxe4 Be7 12. Nd5 Ne6 13. Nexf6+ Kf8 14. O-O-O Kg7 15. Nxe7 Kxf6 16. Nd5+ Kg7 17. Nb6 Rb8 18. Bc4 Nf4 19. g3 Nh3 20. Rd2 Bg4 21. f4 Rbe8 22. Bd5 Re7 23. b3 h5 24. Bg2 h4 25. Bxh3 Bxh3 26. Rg1 Kf6 27. Nd5+ Ke6 1-0


[Site "https://www.chess.com"]

[Event "Titled Tuesday Blitz June 6 Early 2023"]
[White "Cardozo Munar, Carlos Eduardo"]
[Black "Sanhueza, Cristian"]
[WhiteFideId "4409477"]
[BlackFideId "116815"]
[WhiteElo "2067"]
[BlackElo "2174"]
[Result "1-0"]
[Round "4"]
[TimeControl "180+2"]
[Date "2023.06.06"]
[WhiteClock "0:01:02"]
[BlackClock "0:00:01"]
[Board "161"]

1. e4 e5 2. Nf3 Nc6 3. Nc3 Nf6 4. Nxe5 Nxe5 5. d4 Nc6 6. d5 Bb4 7. dxc6 bxc6 8. Bd3 d5 9. O-O O-O 10. Bg5 h6 11. Bd2 Bxc3 12. Bxc3 Nxe4 13. Bxe4 dxe4 14. Qe2 Re8 15. Rfe1 Qh4 16. Qc4 Bb7 17. Rad1 c5 18. Rd7 Re7 19. Red1 Rae8 20. Qxc5 Rxd7 21. Rxd7 Qg4 22. Qd4 Qg6 23. Rxc7 e3 24. Rxb7 exf2+ 25. Qxf2 Qh5 26. h3 Re2 27. Qg3 Qc5+ 28. Kh2 Qf8 29. Rb8 1-0


[Site "https://www.chess.com"]

[Event "Titled Tuesday Blitz June 6 Early 2023"]
[White "Leschinsky, Gary"]
[Black "Principe, Alexander"]
[WhiteFideId "30951321"]
[BlackFideId "3804542"]
[WhiteElo "2020"]
[BlackElo "2203"]
[Result "1/2-1/2"]
[Round "4"]
[TimeControl "180+2"]
[Date "2023.06.06"]
[WhiteClock "0:00:17"]
[BlackClock "0:00:06"]
[Board "162"]

1. e4 e6 2. d4 d5 3. Nc3 Bb4 4. e5 c5 5. a3 Bxc3+ 6. bxc3 Ne7 7. a4 Qa5 8. Qd2 Nbc6 9. Nf3 Bd7 10. Ba3 cxd4 11. cxd4 Qxd2+ 12. Kxd2 h6 13. Bd3 O-O-O 14. h4 Rde8 15. h5 Na5 16. Ke2 Kb8 17. Rhb1 Nec6 18. g4 Rc8 19. c3 Ka8 20. Nd2 Nb8 21. Bb4 Nbc6 22. Bd6 Nd8 23. Rc1 Nc4 24. Nxc4 dxc4 25. Be4 Bc6 26. Ke3 Bxe4 27. Kxe4 Nc6 28. f4 Na5 29. Rab1 Nb3 30. Rd1 b6 31. Rb2 Kb7 32. Rf2 g6 33. Rh1 Kc6 34. hxg6 fxg6 35. Rfh2 h5 36. gxh5 gxh5 37. Rxh5 Rhg8 38. Rg5 Rh8 39. Rxh8 Rxh8 40. Rg7 b5 41. axb5+ Kxb5 42. Rxa7 Rh3 43. f5 Nd2+ 44. Kf4 Rf3+ 45. Kg4 exf5+ 46. Kh4 Rxc3 47. e6 Rf3 48. e7 Re3 49. Ra8 Nf3+ 50. Kh5 Nxd4 51. e8=Q+ Rxe8 52. Rxe8 Kc6 53. Be5 Kd5 54. Bxd4 Kxd4 55. Rd8+ Ke3 56. Kg5 c3 57. Re8+ Kd3 58. Kf4 c2 59. Rd8+ Ke2 60. Rc8 Kd2 61. Rd8+ Ke2 62. Rc8 Kd2 63. Kxf5 c1=Q 64. Rxc1 Kxc1 1/2-1/2


[Site "https://www.chess.com"]

[Event "Titled Tuesday Blitz June 6 Early 2023"]
[White "Schut, Han"]
[Black "Dinu, Dumitru-Daniel"]
[WhiteFideId "1005561"]
[BlackFideId "1208403"]
[WhiteElo "2024"]
[BlackElo "2240"]
[Result "0-1"]
[Round "4"]
[TimeControl "180+2"]
[Date "2023.06.06"]
[WhiteClock "0:00:33"]
[BlackClock "0:01:22"]
[Board "163"]

1. e4 c5 2. Nf3 d6 3. d4 cxd4 4. Nxd4 Nf6 5. f3 g6 6. c4 Bg7 7. Be3 O-O 8. Qd2 Nc6 9. Nc3 Nxd4 10. Bxd4 Be6 11. Rc1 Rc8 12. b3 Nd7 13. Be3 a6 14. Be2 Qa5 15. O-O Rfe8 16. Na4 Qxd2 17. Bxd2 Bd4+ 18. Kh1 Nc5 19. Nc3 Kg7 20. Rfd1 Bf6 21. Be3 Red8 22. Kg1 Be5 23. Bd3 b5 24. cxb5 Nxd3 25. Rxd3 axb5 26. Ne2 Rxc1+ 27. Nxc1 Rc8 28. Rd1 Rc2 29. Nd3 Rxa2 30. Nxe5 dxe5 31. Rd7 0-1


[Site "https://www.chess.com"]

[Event "Titled Tuesday Blitz June 6 Early 2023"]
[White "Jovic, Stanoje"]
[Black "Levitan, Caleb Levi"]
[WhiteFideId "905020"]
[BlackFideId "14332620"]
[WhiteElo "2236"]
[BlackElo "1963"]
[Result "1-0"]
[Round "4"]
[TimeControl "180+2"]
[Date "2023.06.06"]
[WhiteClock "0:00:36"]
[BlackClock "0:00:03"]
[Board "164"]

1. c4 e6 2. g3 d5 3. Bg2 Nf6 4. Nf3 dxc4 5. O-O Be7 6. Na3 O-O 7. Nxc4 c5 8. b3 Bd7 9. Nfe5 Qc8 10. Bb2 Nc6 11. Rc1 Nd5 12. a3 Bf6 13. Nd6 Qc7 14. Nb5 Qd8 15. Nxd7 Qxd7 16. Bxf6 Nxf6 17. Rxc5 Rad8 18. d3 a6 19. Bxc6 bxc6 20. Nc3 Qb7 21. b4 Nd7 22. Rc4 Nb6 23. Rh4 Qe7 24. Qc2 f5 25. Na4 Nxa4 26. Qxa4 g5 27. Rc4 f4 28. Qxc6 fxg3 29. hxg3 Rf6 30. Qc7 Qf8 31. Qe5 Rd5 32. Qe4 Rh6 33. Rc6 Rf5 34. Rxe6 Rff6 35. Re8 Rh1+ 36. Kxh1 Rh6+ 37. Kg2 1-0


[Site "https://www.chess.com"]

[Event "Titled Tuesday Blitz June 6 Early 2023"]
[White "Clawitter, Craig"]
[Black "Ramirez Vido, Robert Yorisan"]
[WhiteFideId "2023105"]
[BlackFideId "3513823"]
[WhiteElo "2234"]
[BlackElo "2444"]
[Result "0-1"]
[Round "4"]
[TimeControl "180+2"]
[Date "2023.06.06"]
[WhiteClock "0:00:05"]
[BlackClock "0:00:18"]
[Board "165"]

1. e4 d6 2. d4 Nf6 3. Nc3 g6 4. Be3 c6 5. Nf3 Bg7 6. Qd2 b5 7. Bd3 Bg4 8. Bh6 Bxh6 9. Qxh6 Bxf3 10. gxf3 Nbd7 11. O-O-O Qa5 12. Kb1 b4 13. Ne2 c5 14. Rhe1 Rc8 15. e5 dxe5 16. dxe5 Nxe5 17. Nf4 Nxd3 18. Qg7 Rg8 19. Qxf6 Nxe1 20. Rxe1 Rc7 21. Nd5 Rd7 22. Rxe7+ Kd8 23. Rxf7+ Kc8 24. Qc6+ Kb8 25. Qxd7 Qa6 26. Qc7+ Ka8 27. b3 Re8 28. Qxc5 Re1+ 29. Kb2 Qa3# 0-1


[Site "https://www.chess.com"]

[Event "Titled Tuesday Blitz June 6 Early 2023"]
[White "Herman, Daniel"]
[Black "ZeGood_ZeBad_ZeUgly"]
[WhiteFideId "30935008"]
[WhiteElo "1897"]
[BlackElo "2213"]
[Result "1/2-1/2"]
[Round "4"]
[TimeControl "180+2"]
[Date "2023.06.06"]
[WhiteClock "0:00:07"]
[BlackClock "0:00:06"]
[Board "166"]

1. d4 Nf6 2. c4 g6 3. Nc3 d6 4. e4 Bg7 5. h3 O-O 6. g4 e5 7. d5 c5 8. Nge2 b5 9. cxb5 a6 10. bxa6 Bxa6 11. Ng3 Qb6 12. Bxa6 Nxa6 13. O-O Rfb8 14. b3 Nb4 15. Be3 Ra5 16. a4 Na6 17. Nb5 Ne8 18. Bd2 Nb4 19. Bxb4 cxb4 20. Rc1 Qb7 21. Rc6 Ra6 22. Qc2 Rxc6 23. Qxc6 Qxc6 24. dxc6 Bh6 25. Rd1 Rc8 26. c7 Kf8 27. Nxd6 Nxd6 28. Rxd6 Rxc7 29. Rb6 Bd2 30. a5 Rc1+ 31. Kg2 Ra1 32. a6 Bc3 33. Rb8+ Kg7 34. Ra8 Bd4 35. h4 Ra2 36. Nh1 Rb2 37. Kh3 Rxb3+ 38. Ng3 Ra3 39. Kg2 Ra2 40. Nh1 b3 41. Rb8 b2 42. Ng3 Rxa6 43. Ne2 Ra2 44. Nxd4 exd4 45. Kf3 Ra3+ 46. Ke2 Ra2 47. Kd3 b1=Q+ 48. Rxb1 Rxf2 49. Kxd4 Rh2 50. Rb7 Rxh4 51. g5 Rg4 52. Kd5 Rxg5+ 53. e5 Kh6 54. Rxf7 Rg1 55. Rf2 Rd1+ 56. Ke6 Kg7 57. Ke7 h5 58. e6 h4 59. Ke8 g5 60. e7 g4 61. Rf4 g3 62. Rxh4 Kf6 63. Rf4+ Kg5 64. Rf8 Re1 65. Rg8+ Kh4 66. Kf7 Rxe7+ 67. Kxe7 Kh3 68. Kf6 g2 69. Kf5 Kh2 70. Kf4 g1=Q 71. Rxg1 Kxg1 1/2-1/2


[Site "https://www.chess.com"]